AoeStats
← JamesNewstedd

Arena

507754177Analyzed
3v3 RM · 13d ago on Sep 19, 2026· 67m 7s· 6 players
Game mode
Random Map
Map size
Normal (6 player)
Population
200
Speed
Normal
Resources
Standard
Victory
Conquest
Starting age
Dark Age
Ending age
Imperial Age
RankedLock teamsTeams togetherTeam positionsShared explorationLock speedFull tech treeHidden civsTurbo modeCheats
Victory
Defeat
🇫🇷 Shu · France
1802
+7
🇫🇷 Turks · France
1781
+8
🇫🇷 Maya · France
1672
+11
🇩🇪 Inca · Germany
1599
-9
🇩🇪 Koreans · Germany
1577
-9
🇩🇪 Spanish · Germany
1560
-8
Öl1ng
10:11 Feudal Age
9:24 Loom
14:32 Castle Age
12:37 Double-Bit Axe
12:52 Horse Collar
17:49 Wheelbarrow
22:21 Gold Mining
23:38 Fletching
24:30 Bodkin Arrow
26:56 Squires
26:41 Arson
31:55 Imperial Age
30:29 Town Watch
32:13 Bow Saw
32:07 Heavy Plow
32:54 Hand Cart
33:53 Elite Skirmisher
34:38 Thumb Ring
34:34 Scale Mail Armor
34:36 Bracer
34:59 Ballistics
35:48 Chemistry
37:08 Masonry
40:07 Siege Engineers
105er.G0ldenFir3
10:24 Feudal Age
11:19 Double-Bit Axe
14:17 Castle Age
15:26 Bow Saw
14:57 Horse Collar
19:43 Wheelbarrow
22:43 Hand Cart
22:31 Heavy Plow
22:25 Gold Mining
22:43 Loom
32:46 Champi Runner
33:27 Squires
37:48 Imperial Age
35:39 Heavy Plow
36:57 Scale Mail Armor
36:19 Champi Warrior
36:45 Arson
37:59 Chain Mail Armor
37:48 Capped Ram
39:10 Plate Mail Armor
38:16 Elite Champi Warrior
40:00 Forging
39:43 Stone Mining
40:28 Gold Shaft Mining
39:34 Siege Ram
41:28 Iron Casting
41:17 Conscription
41:01 Fabric Shields
42:03 Elite Kamayuk
43:22 Guilds
44:15 Blast Furnace
43:47 Fletching
44:19 Crossbowman
45:04 Thumb Ring
45:56 Arbalester
46:32 Bodkin Arrow
46:38 Padded Archer Armor
47:55 Ballistics
48:35 Chemistry
47:41 Siege Engineers
47:16 Treadmill Crane
47:46 Masonry
48:08 Crop Rotation
47:12 Sappers
48:21 Stone Shaft Mining
47:33 Arrowslits
47:38 Guard Tower
47:50 Bracer
48:09 Leather Archer Armor
48:20 Town Watch
50:07 Ring Archer Armor
50:40 Pikeman
51:47 Halberdier
64:55 Heavy Scorpion
67:00 Keep
JamesNewstedd
12:04 Feudal Age
13:17 Double-Bit Axe
13:33 Horse Collar
15:58 Castle Age
16:39 Wheelbarrow
17:01 Bow Saw
17:19 Heavy Plow
23:47 Hand Cart
24:23 Gold Mining
26:08 Stone Mining
29:31 Imperial Age
27:19 Scale Barding Armor
27:13 Pikeman
27:56 Scale Mail Armor
29:17 Chain Barding Armor
29:39 Husbandry
29:49 Bloodlines
30:08 Cavalier
32:22 Light Cavalry
Roronoa Yolo
0:31 Loom
8:45 Feudal Age
13:03 Double-Bit Axe
20:20 Castle Age
20:02 Gold Mining
19:54 Horse Collar
21:41 Scale Mail Armor
21:51 Forging
22:03 Eagle Warrior
26:08 Chain Mail Armor
41:03 Wheelbarrow
45:49 Imperial Age
44:01 Man-at-Arms
44:41 Squires
44:27 Arson
45:20 Iron Casting
45:11 Long Swordsman
45:59 Two-Handed Swordsman
48:47 Blast Furnace
48:17 Plate Mail Armor
51:45 Elite Skirmisher
55:31 Ballistics
56:27 Chemistry
55:28 Fletching
56:30 Bodkin Arrow
58:31 Bracer
58:33 Padded Archer Armor
62:44 Leather Archer Armor
65:27 Masonry
64:58 Treadmill Crane
65:50 Ring Archer Armor
65:28 Hul'che Javelineers
65:48 Conscription
66:23 Hoardings
66:21 Thumb Ring
66:22 Heavy Plow
66:34 Bow Saw
66:18 Stone Mining
Beauvéro
10:12 Feudal Age
8:49 Loom
10:53 Feudal Age
12:24 Double-Bit Axe
12:25 Horse Collar
15:02 Castle Age
13:32 Gold Mining
13:58 Town Watch
15:59 Bow Saw
16:25 Gold Shaft Mining
17:52 Heavy Plow
30:28 Wheelbarrow
33:59 Hand Cart
33:41 Stone Mining
37:33 Imperial Age
36:39 Scale Mail Armor
36:50 Forging
37:23 Squires
37:39 Chain Mail Armor
38:23 Elite White Feather Guard
40:02 Plate Mail Armor
42:12 Fletching
43:24 Bodkin Arrow
60:10 Elite Skirmisher
60:51 Bracer
62:44 Thumb Ring
65:20 Chemistry
64:41 Ballistics
65:36 Crossbowman
66:18 Padded Archer Armor
66:53 Arbalester
guimbo
10:51 Feudal Age
14:35 Castle Age
12:58 Double-Bit Axe
13:11 Horse Collar
15:38 Bow Saw
17:21 Fervor
18:48 Wheelbarrow
20:05 Loom
20:40 Gold Mining
20:40 Stone Mining
22:10 Sanctity
26:03 Imperial Age
25:07 Hand Cart
24:37 Town Watch
26:30 Redemption
27:22 Theocracy
31:44 Conscription
38:21 Heavy Plow
39:00 Masonry
39:44 Hoardings
39:11 Elite Janissary
39:54 Padded Archer Armor
39:47 Fletching
42:08 Scale Barding Armor
42:13 Forging
43:20 Chain Barding Armor
43:19 Husbandry
43:29 Bloodlines
44:05 Guard Tower
44:11 Bodkin Arrow
45:16 Plate Barding Armor
47:09 Fortified Wall
48:26 Ballistics
48:03 Bodkin Arrow
48:47 Iron Casting
55:00 Keep
54:22 Bodkin Arrow
55:28 Bracer
62:24 Treadmill Crane
63:15 Architecture
63:26 Murder Holes
Connection lost

Rejoining the realm…

Still unreachable

The connection could not be restored.

Session expired

The server has moved on; the page needs a fresh start.